 Dungeon Crawl Stone Soup version 0.30-a0-639-g3916f1956a (webtiles) character file.

Game seed: 4438904054927532760

133795 acebull12 the Severer (level 17, 0/133 HPs)
             Began as a Formicid Fighter on Jan 17, 2023.
             Was the Champion of Okawaru.
             Slain by an emperor scorpion (17 damage)
             ... on level 4 of the Spider Nest.
             The game lasted 01:06:29 (28154 turns).

acebull12 the Severer (Formicid Fighter)           Turns: 28154, Time: 01:06:30

Health: 0/133      AC: 16    Str: 40    XL:     17   Next: 73%
Magic:  33/33      EV: 15    Int:  9    God:    Okawaru [******]
Gold:   3054       SH: 25    Dex: 17    Spells: 16/16 levels left

rFire   x . .      SeeInvis +    N - +9 broad axe "Egg" {flame, Will+ MP+9 Int+2 Stlth+}
rCold   + . .      Faith    .    W - +1 tower shield {rC+}
rNeg    . . .      Spirit   .    T - +3 steam dragon scales of the Midnight Sun {Regen+ Dex+4}
rPois   +          Reflect  +    (helmet unavailable)
rElec   +          Harm     .    L - +1 cloak
rCorr   +          Rampage  .    X - +0 pair of gloves of Marbles {rPois}
Will    ++++.                    p - +0 pair of boots of Beyond {Fly rF- Regen+ Str+5 Int-2}
Stlth   ++++                     s - amulet "Hatiupno" {Reflect rElec rC- Str+7 SH+5}
HPRegen 2.02/turn                b - ring "Ocvugeos" {rC+ Will++ Slay+2 Stlth+}
MPRegen 0.23/turn                w - ring of resist corrosion

@: lethally poisoned (0 -> -12), flying
A: permanent stasis, dig shafts and tunnels, antennae 3, four strong arms
a: Dig, Shaft Self, Renounce Religion, Heroism, Finesse, Duel


You were on level 4 of the Spider Nest.
You worshipped Okawaru.
Okawaru was exalted by your worship.
You visited 5 branches of the dungeon, and saw 25 of its levels.
You also visited: Ossuary and Ice Cave.

You collected 3078 gold pieces.
You spent 24 gold pieces at shops.

Inventory:

Hand Weapons
 I - a +4 battleaxe of freezing
 N - the +9 broad axe "Egg" (weapon) {flame, Will+ MP+9 Int+2 Stlth+}
   (Okawaru gifted it to you on level 11 of the Dungeon)

   Int:       It affects your intelligence (+2).
   MP:        It affects your magic capacity (+9).
   Will:      It increases your willpower.
   Stlth:     It makes you more stealthy.
Missiles
 f - 225 stones
 i - 64 poisoned darts (quivered)
 C - 2 datura-tipped darts
 J - 9 javelins
 K - a throwing net
 S - 4 atropa-tipped darts
 U - 3 boomerangs
 Y - 3 silver javelins
Armour
 c - a +2 leather armour of resistance
 p - the +0 pair of boots of Beyond (worn) {Fly rF- Regen+ Str+5 Int-2}
   (Okawaru gifted it to you on level 1 of the Spider Nest)

   Str:       It affects your strength (+5).
   Int:       It affects your intelligence (-2).
   rF:        It makes you vulnerable to fire.
   Fly:       It grants you flight.
   Regen:     It increases your rate of health regeneration.
 B - +0 acid dragon scales
 L - a +1 cloak (worn)
 T - the +3 steam dragon scales of the Midnight Sun (worn) {Regen+ Dex+4}
   (Okawaru gifted it to you on level 1 of the Orcish Mines)

   Dex:       It affects your dexterity (+4).
   Regen:     It increases your rate of health regeneration.
 W - a +1 tower shield of cold resistance (worn)
 X - the +0 pair of gloves of Marbles (worn) {rPois}
   (Okawaru gifted it to you in an ice cave)

   rPois:     It protects you from poison.
Jewellery
 b - the ring "Ocvugeos" (left hand) {rC+ Will++ Slay+2 Stlth+}
   (You took it off a kobold on level 9 of the Dungeon)

   [ring of protection from cold]

   Slay:      It affects your accuracy & damage with ranged weapons and melee
   (+2).
   rC:        It protects you from cold.
   Will:      It greatly increases your willpower.
   Stlth:     It makes you more stealthy.
 h - a ring of positive energy
 n - a +6 ring of strength
 s - the amulet "Hatiupno" (around neck) {Reflect rElec rC- Str+7 SH+5}
   (You found it on level 2 of the Dungeon)

   [amulet of reflection]

   It reflects blocked missile attacks.
   Str:       It affects your strength (+7).
   rC:        It makes you vulnerable to cold.
   rElec:     It insulates you from electricity.
   SH:        It affects your SH (+5).
 w - a ring of resist corrosion (right hand)
 P - an amulet of regeneration
 R - a +5 ring of evasion
 V - a ring of ice
Wands
 r - a wand of flame (42)
 D - a wand of iceblast (20)
 M - a wand of polymorph (11)
 O - a wand of mindburst (10)
 Z - a wand of quicksilver (12)
Scrolls
 e - 6 scrolls of amnesia
 g - 6 scrolls of enchant weapon
 j - 2 scrolls of brand weapon
 l - 10 scrolls of noise
 v - a scroll of enchant armour
 y - a scroll of silence
 F - 2 scrolls of fear
 G - 12 scrolls of identify
 H - 3 scrolls of magic mapping
 Q - 2 scrolls of fog
Potions
 a - a potion of brilliance
 d - 6 potions of might
 k - 3 potions of resistance
 m - 5 potions of attraction
 o - 9 potions of curing
 q - a potion of ambrosia
 t - 2 potions of heal wounds
 u - 6 potions of mutation
 x - 2 potions of cancellation
 z - 6 potions of flight
 E - 3 potions of lignification


   Skills:
 + Level 11.7 Fighting
 * Level 19.5 Axes
 * Level 9.3 Throwing
 - Level 12.0 Armour
 + Level 7.8 Dodging
 - Level 2.2 Stealth
 - Level 15.0 Shields
 * Level 10.1 Invocations


You had 16 spell levels left.
You didn't know any spells.
Your spell library contained the following spells:

 Spells                   Type           Power      Damage    Failure   Level
 Freeze                   Ice            0%         1d3       73%         1
 Magic Dart               Conj           0%         1d3       73%         1
 Slow                     Hex            0%         N/A       73%         1
 Static Discharge         Conj/Air       0%         2-2/arc   86%         2
 Sublimation of Blood     Necr           0%         N/A       86%         2
 Wereblood                Tmut           0%         N/A       86%         2
 Confusing Touch          Hex            0%         N/A       97%         3
 Frozen Ramparts          Ice            0%         1d1       97%         3
 Hailstorm                Conj/Ice       0%         3d3       97%         3
 Mephitic Cloud           Conj/Pois/Air  0%         N/A       97%         3
 Portal Projectile        Hex/Tloc       0%         N/A       97%         3
 Stone Arrow              Conj/Erth      0%         3d7       97%         3
 Vampiric Draining        Necr           0%         2d6       97%         3
 Vhi's Electric Charge    Tloc/Air       0%         N/A       97%         3
 Ice Form                 Ice/Tmut       0%         N/A       100%        4
 Leda's Liquefaction      Hex/Erth       0%         N/A       100%        4
 Arcjolt                  Conj/Air       0%         1d10      100%        5
 Iskenderun's Battlesphe  Conj           0%         2d6       100%        5
 Lightning Bolt           Conj/Air       0%         1d11      100%        5
 Eringya's Noxious Bog    Tmut/Pois      0%         N/A       100%        6
 Iron Shot                Conj/Erth      0%         9d1       100%        6
 Lehudib's Crystal Spear  Conj/Erth      0%         10d2      100%        8
 Call Imp                 Summ           Unusable   N/A       N/A         2
 Call Canine Familiar     Summ           Unusable   N/A       N/A         3
 Tukima's Dance           Hex            Unusable   N/A       N/A         3
 Animate Armour           Summ/Erth      Unusable   N/A       N/A         4
 Summon Mana Viper        Hex/Summ       Unusable   N/A       N/A         5
 Simulacrum               Ice/Necr       Unusable   N/A       N/A         6
 Spellforged Servitor     Conj/Summ      Unusable   N/A       N/A         7
 Summon Hydra             Summ           Unusable   N/A       N/A         7

Dungeon Overview and Level Annotations

Branches:
Dungeon (13/15)            Temple (1/1) D:7            Lair (5/5) D:10
  Swamp (0/4) Lair:3       Spider (4/4) Lair:3        Slime (0/5) Lair:4
    Orc (2/2) D:12            Elf (0/3) Orc:2       Ossuary (visited)
  IceCv (visited)
 Vaults: D:13-14

Altars:
Ashenzari
Cheibriados
Dithmenos
Elyvilon
Fedhas
Gozag
Hepliaklqana
Kikubaaqudgha
Makhleb
Nemelex Xobeh
Okawaru
Qazlal
Ru
Sif Muna
Trog
Uskayaw
Vehumet
Wu Jian
Xom
Yredelemnul
Zin
The Shining One
Jiyva

Shops:
D:1 ?   D:11 =   D:12 *   Orc:2 *::(

Portals:
Trove: D:12 (give +3 shadow dragon scales)

Annotations:
D:13 2 transporters, exclusion: orange crystal statue, Frances; Jynaviopo's ghost, journeyman GrFi


Innate Abilities, Weirdness & Mutations

You cannot be hasted, slowed, berserked, paralysed or teleported.
You can dig through walls and to a lower floor.
You have a pair of large antennae on your head. (SInv)
Your four strong arms can wield two-handed weapons with a shield.


Message History

You kill the emperor scorpion!
Okawaru accepts your kill.
You slice the emperor scorpion!! You burn the emperor scorpion.
You feel very sick. The emperor scorpion stings you!!
You are more poisoned.
The emperor scorpion poisons you!
You block the emperor scorpion's attack.
The emperor scorpion barely misses you.
You are too injured to fight recklessly!
You are too injured to fight recklessly!
You are too injured to fight recklessly!
You are too injured to fight recklessly!
You slice the emperor scorpion!! You burn the emperor scorpion!
The emperor scorpion is almost dead.
You feel extremely sick.
You block the emperor scorpion's attack. x2
The emperor scorpion claws you.
* * * LOW HITPOINT WARNING * * *
The jumping spider completely misses you.
The jumping spider bites you but does no damage.
You barely miss the emperor scorpion.
The emperor scorpion is almost dead.
You slash the jumping spider! You burn the jumping spider.
You kill the jumping spider!
Okawaru accepts your kill.
You slash the jumping spider! You burn the jumping spider.
You feel extremely sick.
A redback comes into view.
You block the jumping spider's attack. x2
The emperor scorpion closely misses you.
The emperor scorpion claws you.
* * * LOW HITPOINT WARNING * * *
You block the emperor scorpion's attack.
You hit the emperor scorpion. You burn the emperor scorpion.
The emperor scorpion is almost dead.
You closely miss the jumping spider.
You feel very sick.
You block the jumping spider's attack. x2; The emperor scorpion stings you!
You die...

### #.. #.# #.. ##..
#### #### ###†..
#######^.####.~####^†...
......s@†.^.....~~#~†^.#
~s~~..s...........^..###
....).########≈≈≈≈...^##
.^#### {{ ####≈≈....# {
# { { { ##≈...~# # { { {
#.....# ## { { { #^...##
.## { {{{ { { #~..##
..## {{ { { ..^^#


You could see an emperor scorpion, a jumping spider and a redback.

Vanquished Creatures
  Mlioglotl (Spider:2)
  Asterion (Spider:2)
  4 ghost moths
  4 emperor scorpions
  A broodmother (Spider:4)
  Nessos (Lair:5)
  2 spark wasps
  Snorg (D:13)
  Josephine (Orc:1)
  11 entropy weavers
  5 hydras
  5 radroaches
  2 boulder beetles
  2 ironbound frosthearts (IceCv)
  2 jorogumos
  4 two-headed ogres
  18 death yaks
  An orc high priest (Orc:2)
  2 sun moths (Spider:4)
  3 pharaoh ants
  A goliath frog (Lair:5)
  Lodul (D:10)
  5 orb spiders
  A bog body (Lair:3)
  6 steelbarb worms
  A lindwurm (Lair:5)
  A deep elf pyromancer (D:13)
  An orc knight (Orc:1)
  7 oklob plants
  18 wolf spiders
  7 orc sorcerers (Orc:2)
  3 cyclopes
  A manticore (D:11)
  Maurice (Orc:2)
  3 black mambas
  9 demonic crawlers
  An ice statue (IceCv)
  3 moths of wrath
  A gargoyle (D:12)
  21 cane toads
  A torpor snail (Spider:3)
  3 rime drakes
  11 komodo dragons
  2 ice devils (Lair:4)
  8 trolls
  12 polar bears
  2 tyrant leeches (Lair:5)
  3 hornets
  3 meliai (Spider:3)
  23 tarantellas
  18 blink frogs
  31 jumping spiders
  15 culicivoras
  7 wraiths
  5 wyverns
  3 basilisks
  A vampire (D:11)
  2 shadows
  55 yaks
  48 redbacks
  4 steam dragons
  9 vampire mosquitoes
  5 wargs
  An acid dragon (D:10)
  4 water moccasins
  11 orc warriors
  A swamp drake (D:12)
  An ice beast (D:7)
  11 ogres
  A black bear (D:10)
  17 wolves (IceCv)
  8 centaurs
  2 phantoms
  7 kobold brigands
  13 bullfrogs
  12 scorpions
  5 gnoll sergeants
  6 wights
  16 killer bees
  3 electric eels (Lair:5)
  3 howler monkeys
  5 centaur zombies (Ossuary)
  3 hounds
  3 jellies
  3 human zombies
  12 orc priests
  4 iguanas
  3 scorpion zombies (Ossuary)
  38 orc wizards
  3 mummies (Ossuary)
  Robin (D:3)
  19 gnolls
  5 adders
  A white imp (D:7)
  2 ufetubi
  A worm (D:2)
  A dart slug (D:1)
  88 orcs
  6 bats
  11 endoplasms
  3 giant cockroaches
  3 gnoll zombies (Ossuary)
  11 goblins
  9 hobgoblins
  4 jackals (D:1)
  4 quokkas
  4 ball pythons
  A frilled lizard (D:2)
  2 goblin zombies (Ossuary)
  35 kobolds
  4 kobold zombies (Ossuary)
  2 orc zombies (Ossuary)
  4 rats
851 creatures vanquished.

Vanquished Creatures (others)
  2 shadows (D:13)
  A wolf (IceCv)
  An orc wizard (D:5)
  34 fungi
  111 plants
149 creatures vanquished.

Grand Total: 1000 creatures vanquished

Notes
Turn   | Place    | Note
-------+----------+-------------------------------------------
     0 | D:1      | acebull12 the Formicid Fighter began the quest for the Orb.
     0 | D:1      | Reached XP level 1. HP: 18/18 MP: 1/1
    52 | D:1      | Reached XP level 2. HP: 24/24 MP: 2/2
   183 | D:1      | Found a faded altar of an unknown god.
   238 | D:1      | Reached XP level 3. HP: 27/29 MP: 3/3
   574 | D:1      | Found Jeuzew's Magic Scroll Shop.
   606 | D:1      | Bought a scroll of identify for 24 gold pieces
   751 | D:2      | Reached XP level 4. HP: 33/35 MP: 4/4
   892 | D:2      | You fall into a shaft and drop 2 floors!
  1026 | D:3      | Noticed Robin
  1036 | D:3      | Reached skill level 3 in Axes
  1047 | D:3      | Killed Robin
  1402 | D:3      | Found a shimmering blue altar of Sif Muna.
  1435 | D:3      | Reached XP level 5. HP: 40/41 MP: 5/5
  1472 | D:2      | Identified the amulet "Hatiupno" {Reflect rElec rC- Str+7
                  | SH+5}
  1921 | D:3      | Found a basalt altar of Yredelemnul.
  1945 | D:3      | Reached skill level 5 in Shields
  1993 | D:3      | Found a sacrificial altar of Ru.
  2670 | D:4      | Reached skill level 4 in Axes
  2670 | D:4      | Reached XP level 6. HP: 48/48 MP: 6/6
  3196 | D:5      | Entered Level 5 of the Dungeon
  3412 | D:5      | Reached XP level 7. HP: 22/53 MP: 7/7
  3598 | D:5      | Reached skill level 5 in Axes
  3697 | D:5      | Reached skill level 1 in Stealth
  3823 | D:5      | Reached skill level 5 in Armour
  4436 | D:6      | Found a sand-covered staircase.
  4461 | Ossuary  | Entered an ossuary
  4477 | Ossuary  | Reached XP level 8. HP: 50/60 MP: 8/8
  4479 | Ossuary  | Reached skill level 6 in Axes
  4548 | Ossuary  | Reached skill level 1 in Dodging
  4660 | Ossuary  | Reached skill level 7 in Axes
  4771 | Ossuary  | Reached XP level 9. HP: 58/66 MP: 9/9
  4784 | Ossuary  | Reached skill level 8 in Axes
  5628 | D:7      | Found a staircase to the Ecumenical Temple.
  5717 | Temple   | Entered the Ecumenical Temple
  5963 | Temple   | Became a worshipper of Warmaster Okawaru
  6114 | D:7      | Reached skill level 9 in Axes
  6258 | D:7      | Found a burning altar of Makhleb.
  6939 | D:7      | Reached * piety under Okawaru
  7164 | D:7      | Reached skill level 5 in Fighting
  7164 | D:7      | Reached XP level 10. HP: 74/74 MP: 10/10
  7184 | D:7      | Reached skill level 10 in Axes
  7250 | D:7      | Found an ancient bone altar of Kikubaaqudgha.
  7694 | D:8      | Found a stormy altar of Qazlal.
  7881 | D:8      | Found an ornate altar of the Wu Jian Council.
  7958 | D:8      | Reached ** piety under Okawaru
  8260 | D:8      | Reached skill level 11 in Axes
  8449 | D:8      | Found an opulent altar of Gozag.
  8452 | D:8      | Found a sparkling altar of Nemelex Xobeh.
  9339 | D:9      | Identified the ring "Ocvugeos" {rC+ Will++ Slay+2 Stlth+}
  9710 | D:9      | Reached *** piety under Okawaru
  9931 | D:9      | Reached XP level 11. HP: 73/81 MP: 11/11
  9939 | D:9      | Reached skill level 12 in Axes
 10247 | D:9      | Found a bloodstained altar of Trog.
 10314 | D:9      | Found a white marble altar of Elyvilon.
 10596 | D:10     | Entered Level 10 of the Dungeon
 11109 | D:10     | Reached skill level 1 in Throwing
 11115 | D:10     | Reached **** piety under Okawaru
 11290 | D:10     | Noticed Lodul
 11295 | D:10     | Killed Lodul
 11296 | D:10     | Reached skill level 13 in Axes
 11450 | D:10     | HP: 4/83 [ogre/+0 giant club[Lodul] (19)]
 11773 | D:10     | Found a staircase to the Lair.
 11949 | D:10     | Noticed a two-headed ogre
 12262 | D:10     | Found a glowing golden altar of the Shining One.
 12330 | D:10     | Killed a two-headed ogre
 12802 | D:10     | Reached ***** piety under Okawaru
 12940 | Lair:1   | Entered Level 1 of the Lair of Beasts
 13182 | Lair:1   | Identified the +7 quarterstaff "Dehu" {elec, rPois rC+
                  | Str-5}
 13265 | Lair:1   | Reached XP level 12. HP: 83/89 MP: 12/12
 13470 | Lair:1   | Received a gift from Okawaru
 13659 | Lair:1   | Reached skill level 14 in Axes
 13663 | Lair:1   | Reached skill level 1 in Invocations
 14313 | D:11     | Found Muvev's Jewellery Shoppe.
 14320 | D:11     | Noticed a two-headed ogre
 14328 | D:11     | Killed a two-headed ogre
 14575 | D:11     | Identified the +6 falchion "Waph" {speed, rElec rCorr
                  | Int+10 Dex+2}
 14778 | D:11     | Identified the +9 broad axe "Egg" {flame, Will+ MP+9 Int+2
                  | Stlth+} (Okawaru gifted it to you on level 11 of the
                  | Dungeon)
 14778 | D:11     | Received a gift from Okawaru
 14955 | D:12     | Found Vagoe's Assorted Antiques.
 15543 | D:12     | Found a portal to a secret trove of treasure.
 15733 | D:12     | Found a staircase to the Orcish Mines.
 15769 | Orc:1    | Entered Level 1 of the Orcish Mines
 15769 | Orc:1    | Noticed Josephine
 15859 | Orc:1    | Killed Josephine
 16083 | D:13     | Noticed Snorg
 16084 | D:13     | Noticed a death knight
 16101 | D:13     | Killed Snorg
 16102 | D:13     | Reached skill level 15 in Axes
 16102 | D:13     | Reached XP level 13. HP: 10/96 MP: 15/15
 16347 | D:13     | Found a transporter.
 16350 | D:13     | Noticed a five-headed hydra
 16350 | D:13     | Noticed Jynaviopo's ghost (journeyman GrFi)
 16352 | D:13     | Noticed a fire dragon
 16372 | D:13     | Found a transporter.
 16392 | D:13     | Reached skill level 10 in Shields
 16659 | D:13     | Noticed Frances
 17417 | Orc:1    | Received a gift from Okawaru
 17589 | Orc:2    | Entered Level 2 of the Orcish Mines
 17656 | Orc:1    | Identified the +3 steam dragon scales of the Midnight Sun
                  | {Regen+ Dex+4} (Okawaru gifted it to you on level 1 of the
                  | Orcish Mines)
 17656 | Orc:1    | Received a gift from Okawaru
 17792 | Orc:2    | Noticed Maurice
 17808 | Orc:2    | Reached skill level 5 in Throwing
 17842 | Orc:2    | Killed Maurice
 17911 | Orc:2    | Found Giutsuj's General Store.
 17911 | Orc:2    | Found Plog's Book Shoppe.
 18057 | Orc:2    | Found Muidoeqo's Book Shop.
 18057 | Orc:2    | Found Atuloan's Antique Weapon Shoppe.
 18418 | Orc:2    | Found a staircase to the Elven Halls.
 18909 | Lair:2   | Reached skill level 5 in Invocations
 19129 | Lair:2   | Reached skill level 16 in Axes
 19174 | Lair:2   | Reached skill level 10 in Armour
 19193 | Lair:1   | Reached XP level 14. HP: 22/105 MP: 17/17
 19198 | Lair:1   | HP: 4/105 [death yak (18)]
 19203 | Lair:1   | Reached ****** piety under Okawaru
 19298 | Lair:2   | Received a gift from Okawaru
 19846 | Lair:3   | Found a staircase to the Swamp.
 20098 | Lair:3   | Found a hole to the Spider Nest.
 20439 | Lair:3   | Got the Precepts of Weird Toxins
 20445 | Lair:3   | Identified the +1 robe of the Playwright {rCorr Dex+4}
 20505 | Lair:3   | Found a blossoming altar of Fedhas.
 20777 | Lair:4   | Found a staircase to the Slime Pits.
 20778 | Lair:4   | Found a viscous altar of Jiyva.
 20910 | Lair:4   | Reached skill level 17 in Axes
 20936 | Lair:4   | Found a frozen archway.
 20949 | IceCv    | Entered an ice cave
 21125 | IceCv    | Identified the +0 pair of gloves of Marbles {rPois}
                  | (Okawaru gifted it to you in an ice cave)
 21125 | IceCv    | Received a gift from Okawaru
 21266 | IceCv    | Reached XP level 15. HP: 113/113 MP: 20/20
 21275 | IceCv    | Reached skill level 5 in Dodging
 22490 | Lair:5   | Entered Level 5 of the Lair of Beasts
 22593 | Lair:4   | Identified the +3 war axe "Kosmujin" {pain, Str+6 Stlth-}
                  | (Okawaru gifted it to you on level 4 of the Lair of Beasts)
 22593 | Lair:4   | Received a gift from Okawaru
 22654 | Lair:5   | Reached skill level 18 in Axes
 22740 | Lair:5   | Noticed Nessos
 22744 | Lair:5   | Killed Nessos
 23557 | Spider:1 | Entered Level 1 of the Spider Nest
 23578 | Lair:3   | Received a gift from Okawaru
 23665 | Spider:1 | HP: 5/115 [tarantella (19)]
 23814 | Spider:1 | Reached XP level 16. HP: 120/121 MP: 21/21
 24138 | Spider:1 | Identified the +0 pair of boots of Beyond {Fly rF- Regen+
                  | Str+5 Int-2} (Okawaru gifted it to you on level 1 of the
                  | Spider Nest)
 24138 | Spider:1 | Received a gift from Okawaru
 25281 | Spider:2 | Reached skill level 15 in Shields
 25359 | Spider:2 | Noticed Asterion
 25367 | Spider:2 | Killed Asterion
 25375 | Spider:1 | Reached skill level 10 in Fighting
 25845 | Spider:2 | Noticed an emperor scorpion
 25857 | Spider:2 | Killed an emperor scorpion
 26035 | Spider:2 | Noticed Mlioglotl
 26041 | Spider:2 | Noticed a tentacled starspawn
 26042 | Spider:2 | Killed Mlioglotl
 26354 | Spider:2 | Received a gift from Okawaru
 26851 | Spider:3 | Received a gift from Okawaru
 26852 | Spider:3 | Reached XP level 17. HP: 94/129 MP: 23/23
 26971 | Spider:3 | Reached skill level 19 in Axes
 27065 | Spider:3 | Found a hide-covered altar of Uskayaw.
 27073 | Spider:3 | Identified the +1 ring mail of Wisdom {Int+6} (Okawaru
                  | gifted it to you on level 3 of the Spider Nest)
 27073 | Spider:3 | Received a gift from Okawaru
 27598 | Spider:4 | Entered Level 4 of the Spider Nest
 28057 | Spider:4 | Reached skill level 10 in Invocations
 28154 | Spider:4 | Slain by an emperor scorpion

Illustrated notes

Levels and vault maps discovered:
D:1:      scummos_arrival_hexagon, layout_loops_ring,
          shapermc_ecumenical_altar_venn, serial_shops,
          nicolae_shop_advertising_works [nicolae_subvault_shop_adworks],
          minmay_unequal
D:2:      layout_rooms
D:3:      kennysheep_six_static_rooms, layout_basic,
          mainiacjoe_overflow_catwalk, mainiacjoe_overflow_catch_the_wave,
          uniq_robin
D:4:      layout_basic
D:5:      layout_loops_ring, st_stairs_11
D:6:      layout_rooms, enter_ossuary_3
D:7:      minmay_octagon_keep, layout_loops_ring, lemuel_coloured_pillars_altar,
          nicolae_overflow_crystal_walls, minmay_temple_entry_mist
D:8:      layout_loops_cross, grunt_temple_overflow_opulence,
          grunt_qazlal_clouds, nzn_wu_jian_contemplation, grunt_ministairs_6
D:9:      layout_loops_corners, mainiacjoe_overflow_chevrons,
          lightli_temple_of_fire, nicolae_fountain_basement
D:10:     layout_basic, mainiacjoe_overflow_alcove_2,
          grunt_lair_entry_orc_guard_hut, serial_corexii_hall,
          corexii_hall_statues_u, corexii_hall_statues_t, uniq_lodul
D:11:     layout_grid_maze, serial_shops, nicolae_take_the_stairs,
          bh_walls_and_bars
D:12:     layout_loops_cross, erik_orc_1, enter_trove_3, serial_shops,
          nicolae_square_shop
D:13:     layout_loops_cross, skrybe_vaults_entry_preservation,
          nzn_ghost_randoct, uniq_azrael, uniq_frances, uniq_snorg
Temple:   dpeg_chambers_temple
Lair:1:   layout_long_grid
Lair:2:   layout_chaotic_city
Lair:3:   minmay_lair_oklob_chamber, layout_misc_corridors,
          skrybe_swamp_entry_bodies, spider_nest_entry_rubble,
          hangedman_tree_tricks
Lair:4:   layout_loops_ring, slime_entry_1, portal_ice_cave_demonic_guard
Lair:5:   minmay_lair_end_frog_pond, layout_regular_city, serial_bayou,
          serial_bayou_lagoon_a, serial_bayou_shore_b, serial_bayou_pond_d,
          serial_bayou_pond_e, uniq_nessos
Spider:1: layout_chambers, nicolae_spider_checkerboard
Spider:2: layout_chambers, drop_trap, nicolae_spider_cling_halls, uniq_asterion,
          uniq_mlioglotl
Spider:3: layout_spider_delve, nicolae_spider_altar_of_dancing
Spider:4: grunt_spider_rune_circles, guppyfry_spider_mini_1
Orc:1:    layout_diamond_mine, uniq_josephine
Orc:2:    st_orc_town, layout_caves, david_defended_altar_orc, uniq_maurice

Skill      XL: |  1  2  3  4  5  6  7  8  9 10 11 12 13 14 15 16 17 |
---------------+----------------------------------------------------+-----
Axes           | 3 4 5 7 9 11 13 15 16 17 18 19 | 19.5
Shields        | 5 6 7 8 9 11 12 14 15 | 15.0
Armour         | 4 5 6 8 9 10 11 12 | 12.0
Fighting       | 4 5 6 7 8 9 10 11 | 11.7
Stealth        | 1 2 |  2.2
Dodging        | 1 2 3 4 5 6 7 |  7.8
Throwing       | 2 4 5 6 7 8 9 |  9.3
Invocations    | 3 5 6 7 9 10 | 10.1

Action                   |  1- 3 |  4- 6 |  7- 9 | 10-12 | 13-15 | 16-18 || total
-------------------------+-------+-------+-------+-------+-------+-------++-------
Melee: War axe           |    77 |   156 |   282 |   235 |       |       ||   750
       Battleaxe         |       |       |       |   298 |   288 |       ||   586
       Broad axe         |       |       |       |       |   399 |   454 ||   853
Throw: Dart              |       |       |       |    12 |     3 |     8 ||    23
 Abil: Dig               |       |     1 |       |     1 |     2 |       ||     4
  Use: Scroll            |     3 |     3 |     6 |    11 |     4 |     1 ||    28
       Potion            |       |       |       |     2 |     7 |       ||     9
 Stab: Sleeping          |       |       |       |     6 |    19 |    18 ||    43
       Invisible         |       |       |       |       |     4 |       ||     4
       Distracted        |       |       |       |       |     1 |     4 ||     5
Armor: Scale mail        |    40 |    70 |    93 |    55 |       |       ||   258
       Steam dragon scal |       |       |       |    26 |   139 |   114 ||   279
       Acid dragon scale |       |       |       |    28 |    15 |       ||    43
Dodge: Dodged            |    36 |    68 |   146 |   200 |   345 |   151 ||   946
Block: Buckler           |    24 |    71 |   172 |   278 |   236 |       ||   781
       Reflection        |       |       |     1 |    17 |    34 |     5 ||    57
       Tower shield      |       |       |       |       |   334 |   606 ||   940

Table legend: (Time is in decaauts)
 A = Elapsed time spent in this place.
 B = Non-inter-level travel time spent in this place.
 C = Inter-level travel time spent in this place.
 D = Time resting spent in this place.
 E = Time spent auto-exploring this place.
 F = Levels seen in this place.
 G = Mean time per level.
                   A        B        C        D        E       F      G
               +--------+--------+--------+--------+--------+-----+--------+
         Total |  28209 |  26040 |   2169 |   4085 |  15660 |  27 | 1044.8 |
       Dungeon |  15498 |  14104 |   1394 |   2895 |   8421 |  13 | 1192.2 |
        Temple |    267 |    238 |     29 |      0 |    228 |   1 |  267.0 |
          Lair |   4930 |   4672 |    258 |    672 |   2784 |   5 |  986.0 |
   Spider Nest |   4386 |   4061 |    325 |    227 |   2632 |   4 | 1096.5 |
  Orcish Mines |   1718 |   1556 |    162 |    120 |    996 |   2 |  859.0 |
       Ossuary |    516 |    516 |      0 |     95 |     81 |   1 |  516.0 |
      Ice Cave |    890 |    890 |      0 |     76 |    518 |   1 |  890.0 |
               +--------+--------+--------+--------+--------+-----+--------+

Top non-repeatable levels by time:
    D:10: 1977 daAuts
     D:9: 1937 daAuts
     D:8: 1783 daAuts
Spider:1: 1740 daAuts
     D:7: 1514 daAuts
    D:12: 1469 daAuts
Spider:2: 1375 daAuts
     D:3: 1161 daAuts
  Lair:1: 1141 daAuts
  Lair:3: 1098 daAuts
     D:5: 1082 daAuts
  Lair:4: 980 daAuts
     D:4: 972 daAuts
    D:11: 949 daAuts
   Orc:1: 890 daAuts
